 Dungeon Crawl Stone Soup version 0.28.0 (webtiles) character file.

Game seed: 3368272377712189770

182 willcat the Sneak (level 5, -1/33 HPs)
             Began as a Kobold Delver on Feb 5, 2022.
             Slain by a sky beast (6 damage)
             ... on level 2 of the Dungeon.
             The game lasted 00:03:39 (2893 turns).

willcat the Sneak (Kobold Delver)                   Turns: 2893, Time: 00:03:40

Health: -1/33      AC:  3    Str:  9    XL:     5   Next: 93%
Magic:  6/6        EV: 15    Int: 20    God:
Gold:   73         SH:  0    Dex: 16    Spells: 2/5 levels left

rFire   . . .      SeeInvis .   s - +2 dagger (protect)
rCold   . . .      Faith    .   (no shield)
rNeg    . . .      Spirit   .   b - +0 leather armour
rPois   .          Reflect  .   (no helmet)
rElec   .          Harm     .   (no cloak)
rCorr   .          Rampage  .   (no gloves)
Will    .....                   (no boots)
Stlth   ++++......              (no amulet)
HPRegen 0.11/turn               i - +6 ring of intelligence
MPRegen 0.10/turn               (no ring)

@: no status effects
A: small, no large weapons, nightstalker 3
a: no special abilities


You were on level 2 of the Dungeon.
You visited 1 branch of the dungeon, and saw 5 of its levels.

You collected 73 gold pieces.

Inventory:

Hand Weapons
 s - a +2 dagger of protection (weapon)
Armour
 b - a +0 leather armour (worn)
 l - an orb of guile
Jewellery
 i - a +6 ring of intelligence (left hand)
Wands
 g - a wand of digging (2)
 j - a wand of paralysis (8)
Scrolls
 a - a scroll of immolation {unknown}
 c - a scroll of fog
 d - 2 scrolls of magic mapping
 e - a scroll of fear
 h - 3 scrolls of identify {unknown}
 k - a scroll of amnesia {unknown}
 m - a scroll of vulnerability {unknown}
 q - a scroll of teleportation {unknown}
 u - a scroll of torment {unknown}
 v - a scroll of enchant armour {unknown}
Potions
 f - 2 potions of haste
 n - a potion of cancellation {unknown}
 o - a potion of lignification {unknown}
 p - a potion of might {unknown}
 r - a potion of mutation {unknown}
 t - a potion of brilliance {unknown}


   Skills:
 + Level 4.1 Fighting
 + Level 4.1 Short Blades
 + Level 3.6 Dodging
 + Level 7.4 Stealth
 + Level 0.8 Spellcasting
 + Level 0.8 Conjurations
 + Level 1.1 Air Magic
 + Level 0.6 Poison Magic


You had 2 spell levels left.
You knew the following spells:

 Your Spells              Type           Power      Damage    Failure   Level
a - Mephitic Cloud        Conj/Pois/Air  4%         N/A       45%         3

Your spell library contained the following spells:

 Spells                   Type           Power      Damage    Failure   Level
 Magic Dart               Conj           16%        1d3       19%         1
 Sandblast                Erth           0%         2d4       26%         1
 Call Imp                 Summ           0%         N/A       36%         2
 Passwall                 Tmut/Erth      0%         N/A       36%         2
 Stone Arrow              Conj/Erth      4%         3d7       54%         3


Dungeon Overview and Level Annotations

Branches:
Dungeon (5/15)
 Temple: D:4-7

Altars:
Makhleb


Innate Abilities, Weirdness & Mutations

You are small and have problems with some larger weapons.
You are completely attuned to the shadows.


Message History

Deactivating autopickup; reactivate with Ctrl-A.
A sky beast appears from thin air!
Reactivating autopickup.
You hit the sky beast.
Your weapon exudes an aura of protection.
The sky beast is lightly wounded.
The sky beast hits you but does no damage.
You hit the sky beast but do no damage.
The sky beast is lightly wounded.
You hit the sky beast but do no damage.
The sky beast is lightly wounded.
The sky beast flickers out of sight!
Deactivating autopickup; reactivate with Ctrl-A.
Something hits you but does no damage.
You miss something.
A sky beast appears from thin air!
Reactivating autopickup.
The sky beast hits you but does no damage.
You hit the sky beast but do no damage.
The sky beast is lightly wounded.
The sky beast hits you. The sky beast shocks you.
The rain has left you waist-deep in water!
Splash!
You fall into the shallow water.
Moving in this stuff is going to be slow.
You completely miss the sky beast.
The sky beast is lightly wounded.
The sky beast hits you. The sky beast shocks you.
You hit the sky beast but do no damage.
The sky beast is lightly wounded.
You miss the sky beast.
The sky beast is lightly wounded.
The sky beast hits you. The sky beast shocks you.
* * * LOW HITPOINT WARNING * * *
There is an open door here.
The sky beast flickers out of sight!
Deactivating autopickup; reactivate with Ctrl-A.
Something hits you.
* * * LOW HITPOINT WARNING * * *
Something shocks you.
You die...

###........#.......########.#
# #........#...<............#
# #........#.......########.#
# ##...#####.......# #.# #
##..# #.......# #.# #
#..#####...{...# #.# #
##>..≈.≈...{...# #.# #
###########'### ### # #@# #
#.# ################[#
.........†.......#
################## # # # #


There were no monsters in sight!

Vanquished Creatures
  2 scorpions (D:3)
  3 adders (D:2)
  A worm (D:2)
  A dart slug (D:1)
  An orc (D:3)
  4 bats
  4 endoplasms
  4 giant cockroaches
  4 goblins
  A hobgoblin (D:2)
  2 jackals (D:2)
  A kobold (D:1)
  A quokka (D:1)
  4 ball pythons
  2 frilled lizards
  4 rats
39 creatures vanquished.

Notes
Turn   | Place    | Note
-------+----------+-------------------------------------------
     0 | D:5      | willcat the Kobold Delver began the quest for the Orb.
     0 | D:5      | Reached XP level 1. HP: 14/14 MP: 1/1
   117 | D:3      | Noticed a scorpion
   121 | D:3      | Killed a scorpion
   122 | D:3      | Reached skill level 7 in Stealth
   122 | D:3      | Reached XP level 2. HP: 20/20 MP: 2/2
   122 | D:3      | Reached XP level 3. HP: 24/24 MP: 3/3
   122 | D:3      | Reached XP level 4. HP: 29/29 MP: 4/4
   135 | D:3      | Found a burning altar of Makhleb.
   212 | D:3      | Noticed a sky beast
   673 | D:2      | Learned a level 3 spell: Mephitic Cloud
  1575 | D:2      | Found a faded altar of an unknown god.
  1799 | D:2      | Identified the +7 chain mail "Damil" {-Tele rN+ rCorr}
  1843 | D:2      | Reached XP level 5. HP: 33/33 MP: 5/5
  2845 | D:3      | Reached skill level 1 in Air Magic
  2893 | D:2      | Slain by a sky beast

Illustrated notes

Levels and vault maps discovered:
D:1:      lightli_arrival_isolated_outpost, layout_basic
D:2:      layout_basic, ebering_ecumenical_altar_rust
D:3:      layout_basic, lemuel_tele_altar, minmay_misc_feat_columns,
          minmay_quantized
D:4:      cheibrodos_fertilizer, layout_loops_corners,
          mainiacjoe_overflow_alcove_1, minmay_bisected
D:5:      layout_basic, minmay_temple_entry_junction_2

Skill      XL: |  1  2  3  4  5 |
---------------+----------------+-----
Short Blades   | 3 4 |  4.1
Dodging        | 3 |  3.6
Stealth        | 7 |  7.4
Fighting       | 4 |  4.1
Air Magic      | 1 |  1.1
Spellcasting   | |  0.8
Conjurations   | |  0.8
Poison Magic   | |  0.6

Action                   |  1- 3 |  4- 6 || total
-------------------------+-------+-------++-------
Melee: Short sword       |    13 |    87 ||   100
       Punch             |       |     1 ||     1
       Dagger            |       |    25 ||    25
Evoke: Wand              |       |     1 ||     1
  Use: Scroll            |       |     1 ||     1
 Stab: Sleeping          |     1 |    22 ||    23
       Distracted        |       |     1 ||     1
Armor: Leather armour    |     2 |    29 ||    31
Dodge: Dodged            |     5 |    56 ||    61
